 Dungeon Crawl Stone Soup version 0.29.1-13-g9f3cf754e1 (webtiles) character file.

Game seed: 4547846971826519134

116197 Nickssm the Warrior (level 16, 0/154 HPs)
             Began as a Green Draconian Conjurer on Jan 19, 2023.
             Was the Champion of Vehumet.
             Killed from afar by a starcursed mass (7 damage)
             ... with an accursed screaming
             ... on level 3 of the Abyss on Jan 20, 2023.
             The game lasted 04:02:44 (35811 turns).

Nickssm the Warrior (Green Draconian Conjurer)     Turns: 35811, Time: 04:02:45

Health: 0/154      AC: 19    Str: 16    XL:     16   Next: 20%
Magic:  13/43      EV: 15    Int: 25    God:    Vehumet [******]
Gold:   1168       SH: 12    Dex: 10    Spells: 6/43 levels left

rFire   + + .      SeeInvis .   A - +3 Elemental Staff {rElec rF++ rC++ AC+5}
rCold   + + .      Faith    .   X - +2 buckler "Loodgh" {Str+5}
rNeg    . . .      Spirit   .   (body armour unavailable)
rPois   +          Reflect  +   (helmet restricted)
rElec   +          Harm     .   Q - scarf {repulsion}
rCorr   .          Rampage  .   (no gloves)
Will    +....                   V - +0 pair of boots
Stlth   ++........              j - amulet of reflection
HPRegen 0.00/turn               R - +4 ring of protection
MPRegen 0.28/turn               B - ring of magical power

@: sick, inhibited regen, repel missiles
A: breathe noxious fumes, AC +9, unfitting armour, stinger 1, poison resistance,
cold-blooded, inhibited regeneration
a: Breathe Noxious Fumes, Renounce Religion


You were on level 3 of the Abyss.
You worshipped Vehumet.
Vehumet was exalted by your worship.
You visited 5 branches of the dungeon, and saw 25 of its levels.
You visited the Abyss 1 time.

You collected 2611 gold pieces.
You spent 1443 gold pieces at shops.

Inventory:

Hand Weapons
 s - a +2 whip of flaming
 v - a +3 dagger of speed
 A - the +3 Elemental Staff (weapon) {rElec rF++ rC++ AC+5}
   (You took it off a deep elf pyromancer on level 8 of the Dungeon)

   If the wielder is skilled in Evocations, they can discharge powerful blasts
   of elemental energy when striking with it.
   It enhances your fire, ice, earth and air magic.
   AC:        It affects your AC (+5).
   rF:        It greatly protects you from fire.
   rC:        It greatly protects you from cold.
   rElec:     It insulates you from electricity.
 O - the +7 war axe of Midwinter {spect, rF- Str+3 Int+2 SInv}
   (You found it on level 1 of the Lair of Beasts)

   When its wielder attacks, the weapon's spirit leaps out and strikes again.
   The spirit shares a part of any damage it takes with its wielder.
   Str:       It affects your strength (+3).
   Int:       It affects your intelligence (+2).
   rF:        It makes you vulnerable to fire.
   SInv:      It lets you see invisible.
Missiles
 W - a throwing net
Armour
 Q - a scarf of repulsion (worn)
 V - a +0 pair of boots (worn)
 X - the +2 buckler "Loodgh" (worn) {Str+5}
   (You found it on level 5 of the Lair of Beasts)

   Str:       It affects your strength (+5).
Magical Staves
 h - a staff of conjuration
Jewellery
 j - an amulet of reflection (around neck)
 l - a ring of resist corrosion
 r - a ring of fire
 B - a ring of magical power (right hand)
 K - a +4 ring of protection
 M - a +6 ring of dexterity
 P - a ring of ice
 R - a +4 ring of protection (left hand)
 S - a +4 ring of protection
Wands
 n - a wand of charming (29)
 o - a wand of roots (13)
 u - a wand of polymorph (24)
 y - a wand of acid (4)
 D - a wand of mindburst (25)
 U - a wand of flame (8)
Scrolls
 e - 4 scrolls of vulnerability
 g - 4 scrolls of magic mapping
 k - 5 scrolls of poison
 m - 2 scrolls of enchant armour
 p - a scroll of brand weapon
 q - 4 scrolls of amnesia
 C - 5 scrolls of teleportation
 G - a scroll of summoning
 H - a scroll of silence
 I - 7 scrolls of identify
 L - 4 scrolls of torment
 T - 3 scrolls of enchant weapon
Potions
 b - 2 potions of haste
 c - a potion of resistance
 d - 2 potions of lignification
 i - 7 potions of flight
 t - 4 potions of attraction
 x - a potion of cancellation
 z - 13 potions of ambrosia
 E - 4 potions of curing
 F - 2 potions of might
 J - a potion of brilliance
 N - a potion of berserk rage


   Skills:
 + Level 16.8 Fighting
 * Level 6.9 Axes
 - Level 10.0 Dodging
 - Level 1.7 Stealth
 + Level 6.4 Shields
 - Level 14.2 Spellcasting
 - Level 13.7 Conjurations
 - Level 4.1 Hexes
 - Level 4.4 Translocations
 + Level 2.9 Earth Magic


You had 6 spell levels left.
You knew the following spells:

 Your Spells              Type           Power      Damage    Failure   Level
a - Magic Dart            Conj           100%       1d8       0%          1
b - Searing Ray           Conj           100%       2d8       0%          2
c - Fulminant Prism       Conj/Hex       29%        3d14      1%          4
d - Iskenderun's Mystic   Conj/Tloc      59%        2d12      1%          4
e - Stone Arrow           Conj/Erth      100%       3d13      1%          3
f - Foxfire               Conj/Fire      100%       2x1d9     1%          1
g - Hailstorm             Conj/Ice       67%        3d14      1%          4
h - Tukima's Dance        Hex            38%        N/A       2%          3
i - Orb of Destruction    Conj           36%        9d11      3%          7
j - Lightning Bolt        Conj/Air       33%        1d51      1%          5
k - Swiftness             Air            26%        N/A       12%         3

Your spell library contained the following spells:

 Spells                   Type           Power      Damage    Failure   Level
 Iron Shot                Conj/Erth      36%        9d7       5%          6
 Apportation              Tloc           80%        N/A       1%          1
 Sandblast                Erth           96%        2d20      1%          1
 Shock                    Conj/Air       100%       1d9       1%          1
 Dazzling Flash           Conj/Hex       100%       N/A       1%          3
 Confusing Touch          Hex            38%        N/A       2%          3
 Passwall                 Tmut/Erth      30%        N/A       3%          2
 Necrotise                Necr           68%        1d7       4%          1
 Summon Small Mammal      Summ           68%        N/A       4%          1
 Summon Guardian Golem    Hex/Summ       28%        N/A       5%          3
 Passage of Golubria      Tloc           40%        N/A       6%          4
 Airstrike                Air            13%        2d(2-18)  11%         4
 Yara's Violent Unravell  Hex/Tmut       14%        3d7       13%         5
 Summon Lightning Spire   Summ/Air       26%        N/A       38%         4
 Alistair's Intoxication  Tmut/Pois      11%        N/A       75%         5
 Spellforged Servitor     Conj/Summ      25%        N/A       45%         7
 Enfeeble                 Hex            19%        N/A       99%         7
 Storm Form               Tmut/Air       13%        N/A       100%        7
 Maxwell's Capacitive Co  Air            13%        ∞         100%        8


Dungeon Overview and Level Annotations

Branches:
Dungeon (15/15)            Temple (1/1) D:7            Lair (5/5) D:10
  Swamp (2/4) Lair:3       Spider (0/4) Lair:3        Slime (0/5) Lair:5
    Orc (2/2) D:11            Elf (0/3) Orc:2        Vaults (0/5) D:13
 Depths (0/4) D:15

Altars:
Ashenzari
Cheibriados
Dithmenos
Elyvilon
Fedhas
Gozag
Hepliaklqana
Kikubaaqudgha
Nemelex Xobeh
Okawaru
Qazlal
Ru
Trog
Uskayaw
Vehumet
Xom
Yredelemnul
Zin
The Shining One

Shops:
D:8 :   Orc:2 ([?!

Annotations:
D:10 4 transporters
D:14 Roxanne
Lair:3 3 runed translucent doors, Ee's ghost, journeyman DrAE
Swamp:1 Louise


Innate Abilities, Weirdness & Mutations

You can breathe blasts of noxious fumes.
Your lurid green scales are hard. (AC +9)
You cannot fit into any form of body armour.
Your tail ends in a venomous barb.
Your system is resistant to poisons. (rPois)
You are cold-blooded and may be slowed by cold attacks.
You do not regenerate when monsters are visible.


Message History

The ynoxinul gestures.
Press: ? - help, v - describe, . - travel The floor.
Press: ? - help, v - describe, . - travel
Here: a large abomination The floor.
Press: ? - help, v - describe, . - travel
Here: a starcursed mass (translocational energy, wandering, hasn't noticed you)
The floor.
The raiju attacks as you move away! You block the raiju's attack.
The ufetubus misses you. You block the ufetubus's attack.
The starcursed mass shrieks in your mind.
* * * LOW HITPOINT WARNING * * *
The ufetubus attacks as you move away!
The ufetubus hits you but does no damage.
The ufetubus closely misses you.
The large abomination attacks as you move away!
You block the large abomination's attack.
The large abomination is no longer covered in acid.
You block the ufetubus's attack. The ufetubus hits you.
* * * LOW HITPOINT WARNING * * *
The large abomination closely misses you.
The ynoxinul gestures.
The large abomination attacks as you move away!
The large abomination hits you!!
* * * LOW HITPOINT WARNING * * *
You block the ufetubus's attack. The ufetubus barely misses you.
The starcursed mass shrieks in your mind.
* * * LOW HITPOINT WARNING * * *
Okay, then.
Okay, then.
Press: ? - help, v - describe, . - travel
Here: an ufetubus (summoned)
The floor, spattered with blood.
As you read the scroll of fear, it crumbles to dust.
You assume a fearsome visage.
The ynoxinul looks frightened!
The large abomination is unaffected.
The raiju looks frightened!
The starcursed mass is unaffected.
The ufetubus looks frightened! x3
The starcursed mass shrieks in your mind.
You die...

#..#. ##.. ...##..
#.#..###........#..#
#.#...#..#...#.#...
###..X#..#....#...#.
.##. .#..3...X#..#.##
.##..§###.5..5#..#..###.
.#.##.3..5##h.5X..#....
#. .3#5.##..#.X..#..#.#
#...§#.#§#.##.##@....#
#.#.5.X.X####.##..####
.#..# . .. #######
##....##.# ...#...# ## #
... # ...#.. .


You could see a starcursed mass, 2 large abominations, a raiju (fleeing,
corroded), a ynoxinul (fleeing) and 3 ufetubi.

Vanquished Creatures
  Saint Roka (Orc:2)
  Rupert (D:15)
  A lich (Abyss:3)
  A tentacled starspawn (Abyss:3)
  Kirke (D:13)
  Aizul (Swamp:1)
  Nessos (D:15)
  An eleionoma (Swamp:2)
  A dire elephant (Lair:5)
  Snorg (Lair:3)
  A fire dragon (D:15)
  An ice dragon (D:15)
  11 hydras
  2 boulder beetles
  8 vault guards
  5 centaur warriors
  2 alligators (Swamp:2)
  5 two-headed ogres
  4 catoblepae
  A death knight (D:14)
  A deep troll shaman (Lair:5)
  25 death yaks
  A shock serpent (shapeshifter) (D:14)
  2 spriggans (Swamp:1)
  2 skeletal warriors (D:14)
  A goliath frog (Swamp:2)
  A spriggan druid (Swamp:2)
  Pikel (D:5)
  2 orc knights (Orc:2)
  4 deep elf pyromancers
  9 ugly things
  An oklob plant (Lair:2)
  3 orc sorcerers
  2 will-o-the-wisps (Swamp:2)
  2 manticores
  A worldbinder (Abyss:3)
  6 cyclopes
  13 slime creatures
  Maurice (D:13)
  A torpor snail (Lair:4)
  5 black mambas
  18 elephants
  2 smoke demons (Abyss:3)
  11 cane toads
  6 rime drakes
  11 komodo dragons
  Psyche (D:8)
  Maggie (D:8)
  4 gargoyles
  A yaktaur (D:14)
  An unseen horror (D:10)
  A freezing wraith (D:14)
  An ancient zyme (Abyss:3)
  2 efreet
  2 trolls (Orc:1)
  5 polar bears
  A bloated husk (Swamp:2)
  A meliai (shapeshifter) (D:14)
  3 meliai (D:14)
  A wind drake (shapeshifter) (D:15)
  3 tyrant leeches (Swamp:2)
  2 hornets
  A queen bee (D:14)
  A raiju (D:8)
  5 blink frogs (Lair:3)
  A flying skull (Abyss:3)
  2 large abominations (Abyss:3)
  A centaur simulacrum (D:13)
  A vampire (D:12)
  2 wyverns
  24 yaks
  A ynoxinul (Abyss:3)
  A small abomination (Abyss:3)
  A fire elemental (D:8)
  2 hogs (D:13)
  2 wraiths
  3 basilisks
  A golden eye (Abyss:3)
  3 steam dragons
  17 vampire mosquitoes
  2 redbacks (Lair:3)
  A redback simulacrum (D:14)
  Menkaure (D:7)
  An acid dragon (D:12)
  4 wargs
  2 swamp worms (Swamp:2)
  Duvessa (Temple)
  2 swamp drakes (Swamp:1)
  14 water moccasins
  A sky beast (D:6)
  24 orc warriors
  2 black bears
  8 ogres
  6 wolves (Lair:5)
  16 centaurs
  4 lemures (D:5)
  2 kobold brigands
  11 bullfrogs
  A gnoll sergeant (D:6)
  3 necrophages
  6 scorpions
  4 wights (D:8)
  Dowan (D:7)
  52 killer bees
  12 electric eels
  6 howler monkeys (D:9)
  A quasit (Abyss:3)
  5 hounds
  31 orc priests
  A gnoll bouda (D:7)
  34 orc wizards
  4 hell rats (Lair:4)
  3 iguanas
  Robin (D:2)
  7 gnolls
  6 adders
  A white imp (D:7)
  An ufetubus (D:4)
  A worm (D:4)
  A dart slug (D:2)
  92 orcs
  12 ball pythons
  3 bats
  7 endoplasms
  4 giant cockroaches
  12 goblins
  5 hobgoblins
  7 jackals
  2 quokkas
  2 frilled lizards
  14 kobolds
  4 rats
  2 foxfires
  2 fulminant prisms
733 creatures vanquished.

Vanquished Creatures (collateral kills)
  An orc warrior (Orc:2)
1 creature vanquished.

Vanquished Creatures (others)
  A dancing weapon (Orc:2)
  69 foxfires
  159 fulminant prisms
  54 fungi
  A lurking horror (Abyss:3)
  82 plants
  4 starspawn tentacles (Abyss:3)
370 creatures vanquished.

Grand Total: 1104 creatures vanquished

Notes
Turn   | Place    | Note
-------+----------+-------------------------------------------
     0 | D:1      | Nickssm the Draconian Conjurer began the quest for the Orb.
     0 | D:1      | Reached XP level 1. HP: 14/14 MP: 3/3
   188 | D:1      | Found a faded altar of an unknown god.
   298 | D:1      | Reached XP level 2. HP: 14/22 MP: 0/5
   429 | D:1      | Reached skill level 1 in Fighting
   820 | D:1      | Learned a level 2 spell: Searing Ray
   919 | D:2      | Reached XP level 3. HP: 29/29 MP: 1/6
  1177 | D:2      | Reached skill level 2 in Fighting
  1185 | D:2      | Noticed Robin
  1212 | D:2      | Killed Robin
  1213 | D:2      | Reached XP level 4. HP: 16/36 MP: 0/8
  2448 | D:3      | Reached XP level 5. HP: 42/42 MP: 6/9
  3192 | D:4      | Noticed a black bear
  3287 | D:4      | Reached skill level 3 in Fighting
  3287 | D:4      | Reached skill level 5 in Conjurations
  3513 | D:4      | Reached XP level 6. HP: 51/51 MP: 6/11
  3820 | D:4      | Identified the +2 ring mail "Uluotek" {rElec rF+ Dex-5}
  3839 | D:4      | Reached skill level 4 in Fighting
  4118 | D:5      | Entered Level 5 of the Dungeon
  4316 | D:5      | Your scales start taking on a lurid green colour.
  4316 | D:5      | Reached XP level 7. HP: 60/60 MP: 4/13
  4316 | D:5      | Gained mutation: Your system is resistant to poisons.
                  | (rPois) [Green Draconian growth]
  4530 | D:5      | Reached skill level 5 in Fighting
  4618 | D:5      | Noticed Pikel
  4925 | D:5      | Killed Pikel
  4926 | D:5      | Reached skill level 6 in Fighting
  4926 | D:5      | Reached skill level 5 in Spellcasting
  4926 | D:5      | Reached XP level 8. HP: 44/70 MP: 2/16
  5778 | D:6      | Reached skill level 7 in Fighting
  6245 | D:6      | Reached XP level 9. HP: 70/79 MP: 9/18
  7419 | D:7      | Noticed Menkaure
  7423 | D:7      | Killed Menkaure
  7633 | D:7      | Noticed Dowan
  7785 | D:7      | Reached skill level 8 in Fighting
  8076 | D:7      | Found a staircase to the Ecumenical Temple.
  8092 | D:7      | Noticed Duvessa
  8097 | D:7      | Killed Dowan
  8101 | Temple   | Entered the Ecumenical Temple
  8144 | Temple   | Killed Duvessa
  8566 | Temple   | Became a worshipper of Vehumet
  9593 | D:8      | Reached skill level 9 in Fighting
  9648 | D:8      | Reached XP level 10. HP: 91/91 MP: 17/21
  9688 | D:8      | Learned a level 4 spell: Fulminant Prism
  9693 | D:8      | Learned a level 4 spell: Iskenderun's Mystic Blast
  9697 | D:8      | Learned a level 3 spell: Stone Arrow
  9749 | D:8      | Found Gikeus's Book Emporium.
  9785 | D:8      | Noticed Psyche
  9798 | D:8      | Killed Psyche
  9813 | D:8      | Reached * piety under Vehumet
  9813 | D:8      | Offered knowledge of Foxfire by Vehumet.
  9933 | D:8      | Learned a level 1 spell: Foxfire
 10064 | D:8      | Noticed a white ugly thing
 10071 | D:8      | Noticed a gargoyle
 10081 | D:8      | Reached skill level 1 in Translocations
 10506 | D:8      | Killed a gargoyle
 10507 | D:8      | Reached skill level 1 in Hexes
 10569 | D:8      | Noticed a deep elf pyromancer
 10573 | D:8      | Killed a deep elf pyromancer
 10679 | D:8      | Noticed a gargoyle
 10682 | D:8      | Killed a gargoyle
 10763 | D:8      | Noticed a white ugly thing
 10770 | D:8      | Killed a white ugly thing
 10771 | D:8      | Reached skill level 10 in Fighting
 10912 | D:8      | Killed a white ugly thing
 11028 | D:8      | Noticed Maggie
 11029 | D:8      | Killed Maggie
 11047 | D:8      | Found a sparkling altar of Nemelex Xobeh.
 11085 | D:8      | Reached XP level 11. HP: 101/101 MP: 21/24
 11359 | D:9      | Noticed a two-headed ogre
 11366 | D:9      | Killed a two-headed ogre
 11377 | D:9      | Noticed a two-headed ogre
 11482 | D:9      | Killed a two-headed ogre
 12340 | D:10     | Entered Level 10 of the Dungeon
 12343 | D:10     | Offered knowledge of Static Discharge by Vehumet.
 12460 | D:10     | Found a staircase to the Lair.
 12479 | D:10     | Noticed a two-headed ogre
 12485 | D:10     | Killed a two-headed ogre
 12576 | D:10     | Reached ** piety under Vehumet
 12672 | D:10     | Reached skill level 11 in Fighting
 12787 | D:10     | Found a hazy altar of Hepliaklqana.
 12949 | D:10     | Found a glowing silver altar of Zin.
 13137 | D:10     | Found a transporter.
 13143 | D:10     | Found a transporter.
 13160 | D:10     | Found a transporter.
 13240 | D:10     | Noticed a two-headed ogre
 13246 | D:10     | Killed a two-headed ogre
 13477 | D:10     | Found a transporter.
 13889 | D:11     | Identified the ring "Teir" {*Slow Str+4 Dex+6}
 13943 | D:11     | Reached skill level 10 in Spellcasting
 14020 | D:11     | Found a stormy altar of Qazlal.
 14158 | D:11     | Found a staircase to the Orcish Mines.
 14277 | D:11     | Noticed a boulder beetle
 14292 | D:11     | Killed a boulder beetle
 14731 | D:11     | Offered knowledge of Mephitic Cloud by Vehumet.
 14893 | D:12     | Noticed a green ugly thing
 14897 | D:12     | Killed a green ugly thing
 15183 | D:12     | Reached skill level 5 in Dodging
 15412 | D:12     | Noticed a two-headed ogre
 15418 | D:12     | Killed a two-headed ogre
 15419 | D:12     | Reached skill level 12 in Fighting
 15419 | D:12     | Reached XP level 12. HP: 112/112 MP: 18/26
 16142 | Lair:1   | Entered Level 1 of the Lair of Beasts
 16148 | Lair:1   | Identified the +7 war axe of Midwinter {spect, rF- Str+3
                  | Int+2 SInv}
 16899 | Lair:1   | Noticed a four-headed hydra
 16903 | Lair:1   | Killed a four-headed hydra
 16904 | Lair:1   | Reached skill level 10 in Conjurations
 16981 | Lair:1   | Identified the +15 plate armour of Suemaint {rF+ rCorr
                  | Str+4 Slay-5}
 17498 | Lair:2   | Reached *** piety under Vehumet
 17505 | Lair:2   | Noticed a four-headed hydra
 17560 | Lair:2   | Killed a four-headed hydra
 17819 | Lair:2   | Identified the +13 chain mail of Ashenzari's Whim {Int+4
                  | Dex+5 Stlth-}
 17951 | Lair:2   | Noticed a four-headed hydra
 17959 | Lair:2   | Killed a four-headed hydra
 17960 | Lair:2   | Reached skill level 13 in Fighting
 18132 | Lair:2   | Noticed a five-headed hydra
 18138 | Lair:2   | Killed a five-headed hydra
 18544 | Lair:2   | Found the +1 robe of Vines {NoPotionHeal Regen++++}
 18914 | Lair:3   | Offered knowledge of Ignite Poison by Vehumet.
 18915 | Lair:3   | Reached XP level 13. HP: 118/122 MP: 25/28
 18925 | Lair:3   | Noticed Snorg
 19523 | Lair:3   | Killed Snorg
 19591 | Lair:3   | Found a hole to the Spider Nest.
 19610 | Lair:3   | Found a staircase to the Swamp.
 19614 | Lair:3   | Reached **** piety under Vehumet
 19729 | Lair:3   | Found a runed translucent gate.
 19729 | Lair:3   | Found a runed translucent gate.
 19729 | Lair:3   | Found a runed translucent gate.
 19729 | Lair:3   | Noticed Ee's ghost (journeyman DrAE)
 20287 | Lair:3   | Offered knowledge of Hailstorm by Vehumet.
 20827 | Lair:4   | Learned a level 4 spell: Hailstorm
 20831 | Lair:4   | Learned a level 3 spell: Tukima's Dance
 21126 | Lair:3   | Reached skill level 14 in Fighting
 22268 | Lair:4   | Identified the +4 leather armour of Vocvar {rPois Will-
                  | rCorr Dex-5}
 22612 | Lair:5   | Entered Level 5 of the Lair of Beasts
 22617 | Lair:5   | Found a staircase to the Slime Pits.
 23146 | Lair:5   | Gained mutation: Your tail ends in a venomous barb. [Green
                  | Draconian growth]
 23146 | Lair:5   | Reached XP level 14. HP: 133/133 MP: 30/30
 24353 | Lair:5   | Identified the +2 buckler "Loodgh" {Str+5}
 24371 | Lair:5   | Reached ***** piety under Vehumet
 24678 | Lair:5   | Offered knowledge of Conjure Ball Lightning by Vehumet.
 24683 | Lair:5   | Reached skill level 15 in Fighting
 25543 | D:8      | Bought a book of Dangerous Friends for 560 gold pieces
 25551 | D:8      | Learned a level 7 spell: Orb of Destruction
 25692 | Orc:1    | Entered Level 1 of the Orcish Mines
 25877 | Orc:1    | Found a radiant altar of Vehumet.
 25976 | Orc:2    | Entered Level 2 of the Orcish Mines
 26683 | Orc:2    | Found Sumizek's Magic Scroll Shoppe.
 26688 | Orc:2    | Bought a scroll of blinking for 127 gold pieces
 26766 | Orc:2    | Reached skill level 10 in Dodging
 27122 | Orc:2    | Noticed Saint Roka
 27145 | Orc:2    | Killed Saint Roka
 27146 | Orc:2    | Reached skill level 1 in Shields
 27792 | Orc:2    | Found Dorgh's Distillery.
 27797 | Orc:2    | Bought a potion of magic for 112 gold pieces
 27797 | Orc:2    | Bought a potion of heal wounds for 70 gold pieces
 27797 | Orc:2    | Bought a potion of magic for 112 gold pieces
 28032 | Orc:2    | Found a staircase to the Elven Halls.
 28119 | Orc:2    | Found Yzaen's Antique Weapon Emporium.
 28123 | Orc:2    | Found Biez Hiss's Antique Armour Shoppe.
 28408 | Orc:2    | Bought a potion of haste for 140 gold pieces
 28408 | Orc:2    | Bought a potion of haste for 140 gold pieces
 28408 | Orc:2    | Bought a potion of curing for 42 gold pieces
 28408 | Orc:2    | Bought a potion of resistance for 140 gold pieces
 28567 | D:13     | Found a gate to the Vaults.
 28789 | D:13     | Reached XP level 15. HP: 141/141 MP: 31/32
 29013 | D:13     | Noticed Maurice
 29023 | D:13     | Killed Maurice
 29183 | D:13     | Offered knowledge of Lightning Bolt by Vehumet.
 29190 | D:13     | Learned a level 5 spell: Lightning Bolt
 29966 | D:13     | Noticed Kirke
 29979 | D:13     | Killed Kirke
 30061 | D:14     | Reached skill level 16 in Fighting
 30206 | D:14     | Reached skill level 1 in Axes
 30395 | D:14     | Gained mutation: You do not regenerate when monsters are
                  | visible. [a shining eye]
 30868 | D:14     | Found an opulent altar of Gozag.
 31414 | D:14     | Learned a level 3 spell: Swiftness
 31705 | D:14     | Noticed Roxanne
 32031 | D:15     | Entered Level 15 of the Dungeon
 32694 | D:15     | Reached skill level 5 in Shields
 32913 | D:15     | Identified the +6 scale mail of Beogh's Generosity {rC+
                  | Int+5}
 33403 | D:15     | Noticed Nessos
 33428 | D:15     | Killed Nessos
 33734 | D:15     | Noticed Rupert
 34200 | D:15     | Killed Rupert
 34201 | D:15     | Reached skill level 5 in Axes
 34311 | D:15     | Reached ****** piety under Vehumet
 34311 | D:15     | Offered knowledge of Iron Shot by Vehumet.
 34532 | D:15     | Found a staircase to the Depths.
 34806 | Swamp:1  | Entered Level 1 of the Swamp
 34806 | Swamp:1  | Noticed Louise
 35016 | Swamp:2  | Reached skill level 1 in Earth Magic
 35535 | Swamp:2  | Reached XP level 16. HP: 152/152 MP: 20/34
 35573 | Swamp:1  | Noticed Aizul
 35586 | Swamp:1  | Killed Aizul
 35606 | Abyss:3  | Cast into level 3 of the Abyss (Louise)
 35663 | Abyss:3  | Noticed a tentacled starspawn
 35683 | Abyss:3  | Killed a tentacled starspawn
 35690 | Abyss:3  | Noticed a lich
 35714 | Abyss:3  | Killed a lich
 35810 | Abyss:3  | HP: 7/154 [starcursed mass/accursed screaming (4)]
 35811 | Abyss:3  | Killed from afar by a starcursed mass

Illustrated notes

Levels and vault maps discovered:
D:1:      dpeg_arrival_erosion, layout_rooms, basic_ecumenical_altar,
          amethyst_killhole
D:2:      layout_basic, st_stairs_1, uniq_robin
D:3:      layout_basic, serial_forest, infiniplex_forest_lined_room_3,
          infiniplex_forest_end_double, infiniplex_forest_lined_room_2,
          infiniplex_forest_lined_2, infiniplex_forest_lined_ring,
          infiniplex_forest_clump_curved, infiniplex_forest_lined_room_2,
          infiniplex_forest_lined_2, infiniplex_forest_clump_C,
          infiniplex_forest_lined_3
D:4:      layout_loops_ring, serial_glass, glass_columns_a, glass_columns_b,
          minmay_strange_pillars, item_on_display_a
D:5:      layout_rooms, feat_on_display, uniq_pikel
D:6:      layout_basic
D:7:      layout_basic, minmay_temple_entry_statues_fountains, uniq_duvessa,
          uniq_menkaure
D:8:      layout_gridville, mainiacjoe_overflow_brackets, serial_shops,
          kennysheep_mini, minmay_misc_feat_doors,
          dilly_guarded_unrand_elemental_staff, uniq_maggie, uniq_psyche
D:9:      layout_cave_pools, serial_column_ruins,
          column_ruins_corridor_straight, column_ruins_grid_3,
          column_ruins_columns_T, column_ruins_open_medium,
          column_ruins_open_small, column_ruins_open_medium
D:10:     layout_stronghold, worldfamousw_hep_ancestral_shrine, zin_treasury,
          lair_entry_dummy, nicolae_transporter_intersection
D:11:     layout_roguey, minmay_orc_entry_guard_dogs,
          nicolae_qazlal_eye_of_the_storm
D:12:     layout_stronghold, gauntlet_entry_generic, minivault_19
D:13:     layout_long_grid, erik_vaults_2, uniq_maurice, uniq_kirke
D:14:     layout_roguey, grunt_gozag_statues, special_room [special_room_bee],
          uniq_roxanne
D:15:     grunt_enter_depths_hoard, layout_basic, wad_woods_river_04,
          uniq_rupert, uniq_nessos
Temple:   compressed_dpeg_triangle_lava_temple
Lair:1:   cheibrodos_lair_river_kwai, layout_long_grid
Lair:2:   layout_loops_ring, special_room, hellmonk_guarded_unrand_vines,
          lemuel_fruit_tree, infiniplex_staircase_pool, grunt_megastairs_1
Lair:3:   layout_gridlike, minmay_swamp_entry_eels, spider_nest_entry_webs,
          gammafunk_ghost_split, uniq_snorg
Lair:4:   layout_regular_city, infiniplex_staircase_pool_2,
          serial_bayou_shore_b, serial_bayou_shore_a
Lair:5:   grunt_lair_end_beastmaster, layout_loops_ring, slime_entry_1,
          st_stairs_13
Swamp:1:  layout_basic_swamp, evilmike_swamp_ruin_house_4, swamp_pool4,
          uniq_aizul, uniq_louise, uniq_mlioglotl
Swamp:2:  layout_falls_marsh, hangedman_swamp_ruin_wall
Orc:1:    layout_caves, basic_altar, abandoned_shop
Orc:2:    grunt_orc_community_town_hall, layout_caves,
          grunt_orc_community_big_house_2, grunt_orc_community_big_house_2,
          grunt_orc_community_house_2, grunt_orc_community_house_3,
          grunt_orc_community_house_2, grunt_orc_community_house_2,
          grunt_orc_community_house_1
Abyss:3:  base: D:11, bh_abyss_exit_spiral

Skill      XL: |  1  2  3  4  5  6  7  8  9 10 11 12 13 14 15 16 |
---------------+-------------------------------------------------+-----
Fighting       | 1 2 3 4 6 7 9 10 12 13 14 15 16 | 16.8
Spellcasting   | 3 4 5 6 7 9 10 11 12 13 14 | 14.2
Conjurations   | 5 7 8 9 10 12 13 | 13.7
Translocations | 3 4 |  4.4
Hexes          | 3 4 |  4.1
Dodging        | 5 7 8 10 | 10.0
Shields        | 2 5 6 |  6.4
Axes           | 6 |  6.9
Earth Magic    | 1 2 |  2.9
Stealth        | |  1.7

Action                   |  1- 3 |  4- 6 |  7- 9 | 10-12 | 13-15 | 16-18 || total
-------------------------+-------+-------+-------+-------+-------+-------++-------
Melee: Spear             |    17 |       |       |       |       |       ||    17
       Tailslap          |     2 |     2 |     5 |     2 |    20 |     1 ||    32
       Staff             |    18 |    11 |    25 |    21 |    95 |     2 ||   172
       Dagger            |       |       |     5 |       |       |       ||     5
       Punch             |       |       |       |     1 |     1 |       ||     2
 Cast: Magic Dart        |    56 |    63 |   111 |    55 |   101 |       ||   386
       Searing Ray       |     2 |    18 |    70 |    16 |    16 |       ||   122
       Stone Arrow       |       |       |       |   137 |   542 |    25 ||   704
       Fulminant Prism   |       |       |       |    52 |    98 |    12 ||   162
       Iskenderun's Myst |       |       |       |    28 |    43 |    16 ||    87
       Foxfire           |       |       |       |    27 |    15 |       ||    42
       Orb of Destructio |       |       |       |       |    74 |     6 ||    80
       Tukima's Dance    |       |       |       |       |     7 |       ||     7
       Lightning Bolt    |       |       |       |       |    13 |       ||    13
       Swiftness         |       |       |       |       |     2 |       ||     2
       Hailstorm         |       |       |       |       |     1 |       ||     1
 Abil: Breathe Noxious F |       |       |    16 |    12 |    11 |     1 ||    40
Evoke: Wand              |       |       |     1 |     6 |     4 |     6 ||    17
  Use: Scroll            |       |       |    12 |    13 |     9 |     4 ||    38
       Potion            |       |       |     1 |     2 |     3 |    15 ||    21
 Stab: Confused          |       |       |     1 |       |       |       ||     1
Armor: Skin              |    12 |     3 |    41 |    58 |   110 |    34 ||   258
Dodge: Dodged            |    13 |    15 |    57 |    95 |   183 |    59 ||   422
       Repelled          |       |       |       |       |     7 |     1 ||     8
Block: Other             |       |     5 |    29 |    34 |    29 |       ||    97
       Reflection        |       |       |     1 |     4 |    31 |     1 ||    37
       Buckler           |       |       |       |       |   113 |    64 ||   177
